[Event "Team 45 45 League T53"]
[Site "Internet Chess Club"]
[Date "2012.06.20"]
[Round "5"]
[White "steadman"]
[Black "HiddenDeath"]
[Result "1-0"]
[WhiteElo "2204"]
[BlackElo "2062"]
[Opening "QGD Slav: Czech defense"]
[ECO "D17"]
[Time "20:00:26"]
[TimeControl "2700+45"]

1. d4 d5 2. Nf3 Nf6 3. c4 c6 4. Nc3 dxc4 5. a4 Bf5 6. Nh4 Bg4 7. h3 Bh5 8. g4
Bg6 9. Nxg6 hxg6 10. e4 e6 11. g5 Nh7 12. f4 Bb4 13. Bxc4 Nd7 14. Be3 Qc7 15.
Qf3 c5 16. d5 Nb6 17. Bb5+ Kf8 18. dxe6 fxe6 19. a5 Nd7 20. Rd1 Rd8 21. O-O Ke7
22. Qg4 Nhf8 23. Bc4 Bxc3 24. bxc3 Qxa5 25. Qg3 b5 26. Bxe6 Kxe6 27. f5+ Kf7 28.
fxg6+ Kg8 29. Qd6 Re8 30. Qd5+ Re6 31. Qf5 Re7 32. Rxd7 Nxg6 33. Rxe7 Nxe7 34.
Qf7+ Kh7 35. Rf6 {Black resigns} 1-0

[Event "Team 45 45 League T53"]
[Site "Internet Chess Club"]
[Date "2012.06.18"]
[Round "5"]
[White "Rodin7"]
[Black "PoisonPawn"]
[Result "1-0"]
[WhiteElo "2027"]
[BlackElo "2034"]
[Opening "KGD: classical variation"]
[ECO "C30"]
[Time "21:01:54"]
[TimeControl "2700+45"]

1. e4 e5 2. f4 Bc5 3. Nf3 d6 4. d4 exd4 5. Bd3 Nc6 6. O-O Bg4 7. h3 Bxf3 8. Qxf3
Qd7 9. a3 a6 10. b4 Bb6 11. Nd2 O-O-O 12. Kh1 Nge7 13. b5 axb5 14. Bxb5 f5 15.
Nc4 Bc5 16. e5 d5 17. Na5 Qe6 18. Nb3 Ba7 19. Bd2 h6 20. Rfb1 Rdg8 21. Bb4 g5
22. g3 g4 23. Qd3 gxh3 24. Bxe7 Qxe7 25. Qxf5+ Kd8 26. Bxc6 bxc6 27. Nxd4 Qd7
28. Qf6+ Kc8 29. Nxc6 Bb6 30. Ne7+ Kb7 31. Rxb6+ cxb6 32. Rb1 Qc7 33. Nxd5 Qxc2
34. Qxb6+ Kc8 35. Qe6+ {Black resigns} 1-0

[Event "Team 45 45 League T53"]
[Site "Internet Chess Club"]
[Date "2012.06.18"]
[Round "5"]
[White "primerpaso"]
[Black "AntMantis"]
[Result "1/2-1/2"]
[WhiteElo "1951"]
[BlackElo "2038"]
[Opening "English: Caro-Kann defensive system"]
[ECO "A11"]
[Time "12:51:10"]
[TimeControl "2700+45"]

1. c4 c6 2. g3 d5 3. cxd5 cxd5 4. d4 Nc6 5. Bg2 Nf6 6. Nf3 Qb6 7. O-O g6 8. Nc3
Bg7 9. Na4 Qd8 10. a3 O-O 11. b4 Bf5 12. Bb2 Rc8 13. Rc1 Ne4 14. e3 Nd6 15. Nh4
Nc4 16. Nxf5 gxf5 17. Qe2 e6 18. Rc2 a5 19. Qe1 axb4 20. axb4 Ra8 21. Nc5 b6 22.
Nd3 Qe7 23. Bc3 Na7 24. Nb2 Rfc8 25. Nxc4 Rxc4 26. Ra2 Rac8 27. Bd2 Bf8 28. Qa1
Nb5 29. Rb1 Nc3 30. Bxc3 Rxc3 31. Bf1 Qc7 32. Ra7 Qd6 33. Qa4 R8c7 34. Rxc7 Qxc7
35. Qb5 Qa7 36. Qa6 Qc7 37. Kg2 Rc2 38. Bd3 Rc3 39. Bb5 Rc2 40. Bd3 Rc3 41. Bb5
{Game drawn by mutual agreement} 1/2-1/2

[Event "Team 45 45 League T53"]
[Site "Internet Chess Club"]
[Date "2012.06.18"]
[Round "5"]
[White "sounix"]
[Black "Chatica"]
[Result "0-1"]
[WhiteElo "1974"]
[BlackElo "2224"]
[Opening "Sicilian: Labourdonnais-Löwenthal (Kalashnikov) variation"]
[ECO "B32"]
[Time "22:05:47"]
[TimeControl "2700+45"]

1. e4 c5 2. Nf3 Nc6 3. d4 cxd4 4. Nxd4 e5 5. Nb5 d6 6. N1c3 a6 7. Na3 Be6 8. Nc4
Rb8 9. Ne3 Be7 10. Ned5 Nf6 11. Be3 O-O 12. Be2 b5 13. O-O Bxd5 14. exd5 Na5 15.
a4 b4 16. Na2 b3 17. Nc3 Qc8 18. Rc1 Nc4 19. Bxc4 Qxc4 20. f4 Nd7 21. Rf2 f5 22.
fxe5 Nxe5 23. cxb3 Rxb3 24. Ne2 Rd3 25. Bd2 Qxd5 26. Nf4 Qf7 27. Qe2 Rb3 28. Bc3
Ng4 29. Rf3 Bd8 30. Ne6 Re8 31. Re1 Bb6+ 32. Kh1 Nf2+ 33. Rxf2 Bxf2 34. Qxf2
Rxe6 35. Rxe6 Qxe6 36. Qa7 Rxc3 37. bxc3 Qe1+ 38. Qg1 Qxg1+ 39. Kxg1 Kf7 40. Kf2
Ke6 41. Ke3 Kd5 42. Kd3 g5 43. c4+ Kc5 44. Kc3 a5 45. g3 f4 {White resigns} 0-1

[Event "Team 45 45 League T53"]
[Site "Internet Chess Club"]
[Date "2012.06.15"]
[Round "5"]
[White "eurander"]
[Black "Logos1"]
[Result "1-0"]
[WhiteElo "2118"]
[BlackElo "1968"]
[Opening "Ruy Lopez: fianchetto (Smyslov/Barnes) defense"]
[ECO "C60"]
[Time "15:04:20"]
[TimeControl "2700+45"]

1. e4 e5 2. Nf3 Nc6 3. Bb5 g6 4. d4 Nxd4 5. Nxd4 exd4 6. Qxd4 Qf6 7. e5 Qb6 8.
Qxb6 axb6 9. O-O Bg7 10. Nc3 Ne7 11. Re1 O-O 12. Bg5 Nc6 13. Nd5 Nd4 14. Bd3 Ne6
15. Be7 Re8 16. Nf6+ Bxf6 17. Bxf6 c6 18. h4 Nf4 19. Bc4 Ra5 20. Rad1 Nh5 21. b4
Ra4 22. c3 d5 23. Bb3 Ra8 24. Bg5 b5 25. f3 Ng7 26. Kf2 h5 27. Bf6 Bf5 28. Rd2
Ne6 29. g3 Nf8 30. Bg5 Nd7 31. Bf4 Nb6 32. Ra1 Nd7 33. Re2 Re6 34. Re3 Nb6 35.
Re2 Bd3 36. Ree1 Rae8 37. Be3 Nd7 38. f4 Ra8 39. Bd4 Ree8 40. Red1 Bf5 41. Rd2
Nf8 42. a3 Ne6 43. Rda2 Bd3 44. a4 bxa4 45. Rxa4 Rxa4 46. Rxa4 Ba6 47. Ra1 Ng7
48. Ra5 Nf5 49. Bxd5 cxd5 50. b5 Re6 51. bxa6 Rxa6 52. Rxd5 Rc6 53. Rd8+ Kg7 54.
e6+ Nxd4 55. e7 Re6 56. e8=Q Rxe8 57. Rxe8 Kf6 58. cxd4 {Black resigns} 1-0

[Event "Team 45 45 League T53"]
[Site "Internet Chess Club"]
[Date "2012.06.15"]
[Round "5"]
[White "alexping"]
[Black "kidcobra"]
[Result "1/2-1/2"]
[WhiteElo "1915"]
[BlackElo "1707"]
[Opening "QGD: Ragozin variation"]
[ECO "D38"]
[Time "11:03:35"]
[TimeControl "2700+45"]

1. d4 d5 2. c4 e6 3. Nf3 Nf6 4. Nc3 Bb4 5. Bg5 h6 6. Bh4 g5 7. Bg3 Ne4 8. Qc2
Bxc3+ 9. bxc3 Nd7 10. e3 c6 11. Bd3 f5 12. Be5 Nxe5 13. Nxe5 Qf6 14. c5 Nxc5 15.
Be2 h5 16. f3 Nd7 17. f4 gxf4 18. exf4 Nxe5 19. dxe5 Qg6 20. O-O h4 21. c4 Bd7
22. Rab1 b6 23. Bf3 Rc8 24. Qa4 Rc7 25. Qa3 Qf7 26. cxd5 exd5 27. Qd6 Be6 28.
Rbc1 Qd7 29. Qa3 Qe7 30. Qd3 Qd7 31. Qa3 Qe7 32. Qa4 Qd7 33. Qa3 Qe7 34. Qa4 Qd7
35. Qa3 {Game drawn by repetition} 1/2-1/2

[Event "Team 45 45 League T53"]
[Site "Internet Chess Club"]
[Date "2012.06.18"]
[Round "5"]
[White "Uwak"]
[Black "VillaBallester"]
[Result "1/2-1/2"]
[WhiteElo "2468"]
[BlackElo "2136"]
[Opening "Sicilian: Najdorf, 7.f4"]
[ECO "B96"]
[Time "10:11:48"]
[TimeControl "2700+45"]

1. e4 c5 2. Nf3 d6 3. d4 cxd4 4. Nxd4 Nf6 5. Nc3 a6 6. Bg5 e6 7. f4 Qc7 8. Qf3
b5 9. Bxf6 gxf6 10. a3 Bb7 11. O-O-O Nd7 12. f5 e5 13. Nb3 Rc8 14. Bd3 Qb6 15.
Kb1 Rxc3 16. bxc3 Qc7 17. h4 Nb6 18. Bf1 Na4 19. Rh3 d5 20. exd5 Qd6 21. Qe3 h5
22. c4 Qxa3 23. Qc1 Qb4 24. Qd2 Qa3 25. Qc1 Qb4 26. Qd2 Qa3 27. Qc1 {Game drawn
by repetition} 1/2-1/2

[Event "Team 45 45 League T53"]
[Site "Internet Chess Club"]
[Date "2012.06.17"]
[Round "5"]
[White "Pomberito"]
[Black "searchforbobby1"]
[Result "1/2-1/2"]
[WhiteElo "2096"]
[BlackElo "2141"]
[Opening "Queen's pawn game"]
[ECO "E10"]
[Time "21:16:49"]
[TimeControl "2700+45"]

1. d4 Nf6 2. c4 e6 3. Nf3 d5 4. g3 dxc4 5. Qa4+ Nbd7 6. Bg2 a6 7. Nc3 Rb8 8.
Qxc4 b5 9. Qd3 Bb7 10. Bf4 Rc8 11. O-O c5 12. dxc5 Bxc5 13. Rad1 O-O 14. Ne5
Bxg2 15. Kxg2 Nxe5 16. Bxe5 Be7 17. Qf3 Qb6 18. g4 Rfd8 19. g5 Nd7 20. Bf4 Nf8
21. h4 Rc4 22. Rxd8 Qxd8 23. Rd1 Qc8 24. Bg3 b4 25. Na4 {Game drawn by mutual
agreement} 1/2-1/2

[Event "Team 45 45 League T53"]
[Site "Internet Chess Club"]
[Date "2012.06.16"]
[Round "5"]
[White "Burning-Bush"]
[Black "MarioFrank"]
[Result "1/2-1/2"]
[WhiteElo "1932"]
[BlackElo "1911"]
[Opening "Dutch defense"]
[ECO "A90"]
[Time "19:07:24"]
[TimeControl "2700+45"]

1. d4 e6 2. c4 f5 3. g3 Nf6 4. Bg2 c6 5. Nc3 d5 6. Nh3 Bd6 7. O-O O-O 8. Qc2 Na6
9. a3 dxc4 10. e4 e5 11. dxe5 Bxe5 12. exf5 Nc5 13. Be3 Nd3 14. Ne4 Bxf5 15.
Qxc4+ Kh8 16. Nhg5 Nxb2 17. Qb3 Nxe4 18. Nxe4 Qd5 19. Qxd5 cxd5 20. Nc5 Nc4 21.
Rad1 Nxa3 22. Bxd5 Bh3 23. Bxb7 Bxf1 24. Bxa8 Rxa8 25. Kxf1 Nc2 26. Bc1 a5 27.
Rd2 Nb4 28. Re2 Bf6 29. Nd7 Bc3 30. Nb6 Rd8 31. Bf4 h6 32. Na4 Bf6 33. Kg2 Nd3
34. Be3 Ne5 35. Bb6 Rd5 36. Nc3 Rd3 37. Ne4 Nc4 38. Nxf6 gxf6 39. Bc5 Rd5 40.
Bf8 h5 41. Re6 f5 42. Rc6 Ne5 43. Rc7 Nd7 44. Bh6 {Game drawn by mutual
agreement} 1/2-1/2

[Event "Team 45 45 League T53"]
[Site "Internet Chess Club"]
[Date "2012.06.24"]
[Round "5"]
[White "zozobob"]
[Black "boknoy"]
[Result "1/2-1/2"]
[WhiteElo "2069"]
[BlackElo "1985"]
[Opening "Sicilian: Taimanov (Bastrikov) variation"]
[ECO "B47"]
[Time "18:04:29"]
[TimeControl "2700+45"]

1. e4 c5 2. Nf3 e6 3. d4 cxd4 4. Nxd4 Nc6 5. Nc3 Qc7 6. Ndb5 Qb8 7. Be3 a6 8.
Nd4 Nf6 9. g3 b5 10. Bg2 Bb7 11. Nxc6 Bxc6 12. Qd4 b4 13. Ne2 e5 14. Qd3 Bb5 15.
Qd2 Ng4 16. O-O Qc7 17. Rac1 Nxe3 18. Qxe3 Bc5 19. Qf3 O-O 20. Rfd1 f5 21. exf5
e4 22. Qxe4 Rae8 23. Qd5+ Kh8 24. Nf4 Re5 25. Qd2 Rexf5 26. c3 b3 27. axb3 g5
28. Nh3 g4 29. Nf4 Rxf4 30. gxf4 Rxf4 31. Rc2 Rxf2 32. Qxf2 Bxf2+ 33. Rxf2 g3
34. hxg3 Qxg3 35. Rd4 Bc6 36. Rdf4 Bxg2 37. Rf8+ Kg7 38. R8f7+ Kg8 39. Rf8+ Kg7
40. R8f7+ Kg8 41. Rf8+ Kg7 42. R8f7+ Kg8 43. Rf8+ {Game drawn by repetition}
1/2-1/2

[Event "Team 45 45 League T53"]
[Site "Internet Chess Club"]
[Date "2012.06.17"]
[Round "5"]
[White "AugustoCaruso"]
[Black "Morovon23"]
[Result "0-1"]
[WhiteElo "2219"]
[BlackElo "2379"]
[Opening "Four knights: Scotch, 4...exd4"]
[ECO "C47"]
[Time "12:00:27"]
[TimeControl "2700+45"]

1. e4 e5 2. Nf3 Nc6 3. Nc3 Nf6 4. d4 exd4 5. Nxd4 Bb4 6. Nxc6 bxc6 7. Bd3 d5 8.
exd5 cxd5 9. Bb5+ Bd7 10. Qe2+ Be7 11. Bg5 O-O 12. O-O Re8 13. Rad1 c6 14. Bd3
Bg4 15. Qd2 Bxd1 16. Rxd1 Ne4 17. Bxe7 Qxe7 18. Bxe4 dxe4 19. Qe3 Rad8 20. Re1
h6 21. a3 Qg5 22. Qxa7 Qd2 23. Rf1 Qxc2 24. Qb7 Re6 25. h3 Rd2 26. Nb1 Rd1 27.
Nc3 Rxf1+ 28. Kxf1 Qd3+ 29. Kg1 e3 30. fxe3 Qxe3+ {White resigns} 0-1

[Event "Team 45 45 League T53"]
[Site "Internet Chess Club"]
[Date "2012.06.14"]
[Round "5"]
[White "StephenHawking"]
[Black "dinin"]
[Result "1-0"]
[WhiteElo "2181"]
[BlackElo "1832"]
[Opening "QGD: Marshall defense"]
[ECO "A50"]
[Time "08:30:34"]
[TimeControl "2700+45"]

1. d4 Nf6 2. c4 d5 3. cxd5 Qxd5 4. Nc3 Qa5 5. Nf3 e6 6. Bd2 Be7 7. e4 O-O 8. Nd5
Qxd2+ 9. Nxd2 exd5 10. e5 Ne4 11. Bd3 Bf5 12. Bxe4 dxe4 13. O-O Nd7 14. Re1 Bb4
15. a3 Bxd2 16. Qxd2 c6 17. Qf4 Bg6 18. h4 h6 19. f3 exf3 20. gxf3 Rae8 21. Kh2
Nb6 22. Rg1 Kh8 23. Rg3 Nd5 24. Qd2 Ne7 25. Rag1 Nf5 26. Rg4 Rg8 27. Rf4 Re6 28.
h5 Bh7 29. b4 a6 30. Qf2 Re7 31. Re1 Re6 32. Qf1 Rd8 33. Qg1 Rg8 34. Qg4 g6 35.
Qh3 Rg7 36. Rg1 Re7 37. Rxf5 gxf5 38. Qh4 Re6 39. Qd8+ Bg8 40. Rxg7 Kxg7 41. a4
b5 42. a5 f6 43. f4 fxe5 44. fxe5 Bf7 45. Qc8 Re7 46. Qxa6 Bd5 47. Qc8 Be4 48.
a6 Rf7 49. e6 Re7 50. a7 c5 51. dxc5 Kf6 52. a8=Q Bxa8 53. Qxa8 Rxe6 54. c6 Re2+
55. Kg1 Rc2 56. Qd8+ {Black resigns} 1-0

[Event "Team 45 45 League T53"]
[Site "Internet Chess Club"]
[Date "2012.06.14"]
[Round "5"]
[White "fledermaus"]
[Black "mcplayerus"]
[Result "1-0"]
[WhiteElo "1944"]
[BlackElo "2025"]
[Opening "Bogo-Indian defense"]
[ECO "E11"]
[Time "14:06:50"]
[TimeControl "2700+45"]

1. d4 Nf6 2. c4 e6 3. Nf3 Bb4+ 4. Bd2 a5 5. a3 Bxd2+ 6. Qxd2 O-O 7. Nc3 d6 8. e3
Nc6 9. Rd1 Re8 10. Be2 Bd7 11. O-O h6 12. Qc2 Nh7 13. Bd3 Nf8 14. b3 e5 15. dxe5
Nxe5 16. Nxe5 Rxe5 17. Nd5 Re8 18. Qc3 Ne6 19. Bc2 Nc5 20. Rd4 f5 21. Ra1 Ne4
22. Qe1 Nf6 23. Qd2 Nxd5 24. cxd5 Qg5 25. Re1 c5 26. dxc6 Bxc6 27. f4 Qg6 28.
Rxd6 Re6 29. Rxe6 Qxe6 30. Qd4 Re8 31. Bd3 Bd5 32. Bc4 Bxc4 33. bxc4 Qe4 34. Kf2
Rc8 35. Qxe4 fxe4 36. Rc1 b5 37. c5 Rc6 38. g4 Kf7 39. f5 Kf6 40. Kg3 Ke5 41. h4
h5 42. Rc2 Kd5 43. gxh5 b4 44. axb4 axb4 45. Kf4 Rxc5 46. Rxc5+ Kxc5 47. f6 gxf6
48. h6 b3 49. h7 b2 50. h8=Q b1=Q 51. Qf8+ Kc4 52. Qxf6 Qf1+ 53. Ke5 Qf3 54.
Qc6+ Kd3 55. Qd5+ Kxe3 56. Qd4+ {Black resigns} 1-0

[Event "Team 45 45 League T53"]
[Site "Internet Chess Club"]
[Date "2012.06.17"]
[Round "5"]
[White "perikitosax"]
[Black "jonesey"]
[Result "1/2-1/2"]
[WhiteElo "1973"]
[BlackElo "1843"]
[Opening "Benoni defense"]
[ECO "A56"]
[Time "14:01:04"]
[TimeControl "2700+45"]

1. d4 Nf6 2. c4 c5 3. d5 g6 4. Nc3 Bg7 5. e4 d6 6. Bd3 O-O 7. h3 e6 8. Nf3 exd5
9. exd5 Re8+ 10. Kf1 a6 11. g3 Nbd7 12. Kg2 Ne5 13. Nxe5 Rxe5 14. Bf4 Re8 15.
Qd2 Nh5 16. Bg5 Nf6 17. Bf4 {Game drawn by mutual agreement} 1/2-1/2

[Event "Team 45 45 League T53"]
[Site "Internet Chess Club"]
[Date "2012.06.23"]
[Round "5"]
[White "sibirica"]
[Black "M-Ezat"]
[Result "0-1"]
[WhiteElo "2310"]
[BlackElo "2287"]
[Opening "Robatsch defense"]
[ECO "B06"]
[Time "04:00:30"]
[TimeControl "2700+45"]

1. e4 g6 2. d4 Bg7 3. Nc3 c6 4. Nf3 d5 5. h3 dxe4 6. Nxe4 Nd7 7. Bc4 Ngf6 8.
Nxf6+ Nxf6 9. O-O O-O 10. Re1 Qc7 11. Qe2 e6 12. Ne5 c5 13. Bf4 Qb6 14. dxc5
Qxc5 15. Rad1 a6 16. Bb3 Nd5 17. Bg3 b5 18. Qf3 Ra7 19. Nd3 Qb6 20. Bxd5 exd5
21. Be5 d4 22. Qg3 Bf5 23. Bxg7 Kxg7 24. Re5 Bxd3 25. Qxd3 Rd8 26. Re4 Rad7 27.
f4 Qc5 28. Rde1 Qc4 29. a3 Rc7 30. R4e2 Qxd3 31. cxd3 h5 32. g4 hxg4 33. hxg4
Rcc8 34. Kg2 Rh8 35. Kf3 Rh3+ 36. Ke4 Rd8 37. g5 f5+ 38. Ke5 Rhh8 39. Ke6 Rhe8#
{White checkmated} 0-1

[Event "Team 45 45 League T53"]
[Site "Internet Chess Club"]
[Date "2012.06.20"]
[Round "5"]
[White "M-Abotreka"]
[Black "michaelq2d5"]
[Result "1/2-1/2"]
[WhiteElo "2095"]
[BlackElo "2127"]
[Opening "QGA: classical, 8...Bb7"]
[ECO "D29"]
[Time "16:12:39"]
[TimeControl "2700+45"]

1. d4 d5 2. c4 dxc4 3. e3 Nf6 4. Bxc4 e6 5. Nf3 a6 6. O-O c5 7. Qe2 b5 8. Bb3
Bb7 9. Rd1 Nbd7 10. Nc3 Qb8 11. d5 exd5 12. Nxd5 Nxd5 13. Bxd5 Bxd5 14. Rxd5 Qb7
15. e4 Be7 16. Bg5 f6 17. Bf4 Nb6 18. Rdd1 O-O 19. Bg3 Rfe8 20. Qc2 Rad8 21. h4
Nc4 22. b3 Nd6 23. Bxd6 Bxd6 24. Rd5 Bf8 25. Rad1 Qe7 26. a4 Rc8 27. axb5 axb5
28. e5 h6 29. h5 Qe6 30. Qe4 fxe5 31. g4 Qf6 32. Rxe5 Rxe5 33. Nxe5 Qe6 34. Kg2
c4 35. bxc4 bxc4 36. f4 Bd6 37. Rxd6 Qxd6 38. Nxc4 Qd7 39. Ne3 Qd2+ 40. Kf3 Rd8
41. Qc2 Qe1 42. Qe2 Qh1+ 43. Qg2 Qa1 44. Qc2 Re8 45. Qd2 Qh1+ 46. Kg3 Kh8 47.
Ng2 Ra8 48. Qe3 Qa1 49. Qe4 Rb8 50. Qe3 Qb1 51. Qe5 Rc8 52. g5 hxg5 53. fxg5
Qd3+ 54. Kh4 Qf3 55. Nf4 Qf2+ 56. Kg4 Qg1+ 57. Kh4 Qh2+ 58. Kg4 Qg1+ 59. Kh4
Qh2+ 60. Kg4 {Game drawn by mutual agreement} 1/2-1/2

[Event "Team 45 45 League T53"]
[Site "Internet Chess Club"]
[Date "2012.06.22"]
[Round "5"]
[White "Epcot"]
[Black "egyptiantiger"]
[Result "1-0"]
[WhiteElo "1982"]
[BlackElo "2101"]
[Opening "King's Indian: fianchetto, Panno variation"]
[ECO "E63"]
[Time "14:31:38"]
[TimeControl "2700+45"]

1. d4 Nf6 2. c4 g6 3. g3 Bg7 4. Bg2 O-O 5. Nc3 d6 6. Nf3 Nc6 7. O-O a6 8. Qd3 e5
9. dxe5 dxe5 10. Qxd8 Rxd8 11. Bg5 Be6 12. Nd2 h6 13. Bxf6 Rxd2 14. Bxg7 Kxg7
15. Bxc6 bxc6 16. b3 Rad8 17. Rfd1 Bh3 18. f3 h5 19. Kf2 f5 20. Rxd2 Rxd2 21.
Ke3 Rd6 22. Rd1 Kf6 23. Rd3 g5 24. Kf2 Ke6 25. b4 Ke7 26. Na4 e4 27. fxe4 fxe4
28. Re3 Bf5 29. Nc5 Rd4 30. Rc3 Be6 31. Nxa6 Rxc4 32. Rxc4 Bxc4 33. Nc5 Bxa2 34.
Nxe4 g4 35. Ke3 Bf7 36. Kd4 Bg6 37. Ke5 Bxe4 38. Kxe4 Kd6 39. Kd4 Ke6 40. Kc5
Ke5 41. Kxc6 Ke4 42. b5 Ke3 43. Kxc7 Kxe2 44. b6 Kf2 45. b7 Kg2 46. b8=Q Kxh2
47. Kc6 Kh3 48. Qf4 h4 49. gxh4 Kxh4 50. Qh2+ Kg5 51. Qg3 {Black resigns} 1-0

[Event "Team 45 45 League T53"]
[Site "Internet Chess Club"]
[Date "2012.06.15"]
[Round "5"]
[White "AmrSobh"]
[Black "Pason"]
[Result "1-0"]
[WhiteElo "2209"]
[BlackElo "2022"]
[Opening "Queen's Indian: old main line, 7.Nc3"]
[ECO "E18"]
[Time "14:00:38"]
[TimeControl "2700+45"]

1. d4 e6 2. Nf3 Nf6 3. g3 b6 4. Bg2 Bb7 5. O-O Be7 6. c4 O-O 7. Nc3 Ne4 8. Qc2
Nxc3 9. bxc3 d6 10. Ng5 Bxg5 11. Bxb7 Bxc1 12. Bxa8 Bh6 13. Bf3 f5 14. Qa4 a5
15. c5 bxc5 16. dxc5 d5 17. Qxa5 Nc6 18. Qa6 Qd7 19. Qa4 e5 20. e3 Qe6 21. c4 e4
22. cxd5 Qxd5 23. Be2 Ne5 24. Qb3 Rd8 25. Rfd1 Nd3 26. Bxd3 Qxb3 27. axb3 exd3
28. Rd2 g5 29. Rad1 Rd5 30. b4 {Black resigns} 1-0

[Event "Team 45 45 League T53"]
[Site "Internet Chess Club"]
[Date "2012.06.16"]
[Round "5"]
[White "mnrunner"]
[Black "Invicta-Knight"]
[Result "1-0"]
[WhiteElo "1598"]
[BlackElo "1505"]
[Opening "English: symmetrical, Benoni formation"]
[ECO "A31"]
[Time "12:06:41"]
[TimeControl "2700+45"]

1. d4 Nf6 2. c4 c5 3. Nf3 g6 4. e3 Bg7 5. Nc3 cxd4 6. exd4 O-O 7. Be2 d6 8. O-O
Ne8 9. Be3 Nd7 10. b3 a6 11. Qc2 Nc7 12. Rac1 Nf6 13. h3 Bd7 14. Ne4 Rb8 15.
Nxf6+ Bxf6 16. Bd3 b5 17. Qd2 Ne6 18. d5 Nc5 19. Bxc5 dxc5 20. cxb5 Bxb5 21.
Rxc5 Rc8 22. Rxc8 Qxc8 23. Bxb5 axb5 24. Rc1 Qb7 25. Rc5 Rc8 26. Qb4 Rxc5 27.
Qxc5 Qa6 28. a3 Kg7 29. h4 h6 30. g3 g5 31. hxg5 hxg5 32. Nd4 Bxd4 33. Qxd4+ Qf6
34. Qc5 Qa1+ 35. Kh2 Kf6 36. Qb6+ Ke5 37. Qb8+ Kxd5 38. Qxb5+ Kd6 39. a4 Qh8+
40. Kg1 Qa1+ 41. Kg2 Qd4 42. Qxg5 Qe4+ 43. Kh2 Qc2 44. Qf4+ Ke6 45. Qc4+ Qxc4
46. bxc4 Kd6 47. Kh3 Kc5 48. a5 {Black resigns} 1-0

[Event "Team 45 45 League T53"]
[Site "Internet Chess Club"]
[Date "2012.06.23"]
[Round "5"]
[White "parrot9"]
[Black "rookmaster23"]
[Result "1/2-1/2"]
[WhiteElo "1604"]
[BlackElo "1614"]
[Opening "Sicilian: Najdorf"]
[ECO "B90"]
[Time "10:00:37"]
[TimeControl "2700+45"]

1. e4 c5 2. Nf3 d6 3. d4 cxd4 4. Nxd4 Nf6 5. Nc3 a6 6. f3 e5 7. Nb3 Be6 8. Be3
Be7 9. Qd2 O-O 10. O-O-O Nbd7 11. g4 b5 12. g5 b4 13. Nd5 Nxd5 14. exd5 Bf5 15.
h4 a5 16. Bd3 Bxd3 17. Qxd3 Qc7 18. h5 a4 19. Nd2 Nc5 20. Qc4 Rfc8 21. g6 b3 22.
gxh7+ Kxh7 23. Kb1 bxc2+ 24. Qxc2+ Kg8 25. Rdg1 Nb3 26. Qe4 Nxd2+ 27. Bxd2 a3
28. Bh6 Bf8 29. Bxg7 Bxg7 30. h6 Rab8 31. Rxg7+ Kf8 32. Rg2 axb2 33. Rc2 Qa7 34.
h7 Ke7 35. Rxc8 Rxc8 36. h8=Q Rxh8 37. Rxh8 Qg1+ 38. Kxb2 Qb6+ 39. Kc3 Qc5+ 40.
Qc4 Qe3+ 41. Kb4 Qb6+ 42. Qb5 Qd4+ 43. Ka5 Qa7+ 44. Kb4 Qd4+ 45. Qc4 Qb6+ 46.
Kc3 Qe3+ 47. Qd3 Qc5+ 48. Kd2 Qf2+ 49. Qe2 Qd4+ 50. Ke1 Qg1+ 51. Qf1 Qe3+ 52.
Kd1 Qd4+ 53. Ke2 Qb2+ 54. Ke3 Qd4+ 55. Ke2 Qb2+ 56. Kd1 Qb1+ 57. Ke2 Qb2+ 58.
Ke3 Qd4+ 59. Ke2 {Game drawn by repetition} 1/2-1/2

[Event "Team 45 45 League T53"]
[Site "Internet Chess Club"]
[Date "2012.06.15"]
[Round "5"]
[White "dschesq"]
[Black "ElmerHo"]
[Result "1/2-1/2"]
[WhiteElo "1608"]
[BlackElo "1488"]
[Opening "Réti opening"]
[ECO "A11"]
[Time "23:55:34"]
[TimeControl "2700+45"]

1. Nf3 d5 2. c4 c6 3. g3 dxc4 4. a4 Nf6 5. Bg2 Be6 6. O-O Na6 7. Na3 Bd5 8. Qc2
Nb4 9. Qc3 e6 10. Nxc4 Ne4 11. Qe5 Nf6 12. Ne3 Bd6 13. Qg5 O-O 14. Nxd5 cxd5 15.
d3 h6 16. Qh4 Rc8 17. Bd2 Nc6 18. e4 dxe4 19. dxe4 Be7 20. Rad1 Qc7 21. e5 Nd5
22. Qe4 Rfd8 23. Rc1 Qd7 24. Rfd1 Qe8 25. Bf1 a6 26. Bd3 f5 27. exf6 Nxf6 28.
Qxe6+ Kf8 29. Bc4 Rd6 30. Qf5 Nd4 31. Nxd4 Rxd4 32. b3 Rcd8 33. Rc2 Qh5 34. Qxh5
Nxh5 35. Kf1 Nf6 36. f3 Ke8 37. Ke2 Bb4 38. Be6 Bxd2 39. Rcxd2 Rxd2+ 40. Rxd2
Rxd2+ 41. Kxd2 a5 42. Kd3 Ke7 43. Bc4 Kd6 44. Kd4 g5 45. h3 h5 46. h4 g4 47.
fxg4 Nxg4 48. Be2 Nf6 49. Bf3 b6 50. Kc4 Kc7 51. b4 axb4 52. Kxb4 Kd6 53. Kb5
Kc7 54. Bg2 Nd7 55. Kc4 Kd6 56. Bf3 Ne5+ 57. Kb5 Nxf3 58. Kxb6 Ne5 59. a5 Nc4+
60. Kb5 Nxa5 61. Kxa5 Ke5 62. Kb4 Kf5 63. Kc3 Kg4 64. Kd2 Kxg3 65. Ke2 Kxh4 66.
Kf2 Kh3 67. Kg1 h4 68. Kh1 {Game drawn by mutual agreement} 1/2-1/2

[Event "Team 45 45 League T53"]
[Site "Internet Chess Club"]
[Date "2012.06.13"]
[Round "5"]
[White "Portola"]
[Black "mellizas2003"]
[Result "1/2-1/2"]
[WhiteElo "1752"]
[BlackElo "1683"]
[Opening "Queen's bishop game"]
[ECO "D02"]
[Time "09:00:10"]
[TimeControl "2700+45"]

1. d4 d5 2. Nf3 Nf6 3. Bf4 Bf5 4. e3 Nbd7 5. Nbd2 e6 6. Be2 c5 7. c3 Be7 8. h3
O-O 9. O-O Rc8 10. Ne5 c4 11. a4 Nxe5 12. Bxe5 Bd6 13. f4 Ne4 14. Bxd6 Nxd6 15.
Qe1 Qb6 16. Qc1 a5 17. Bd1 f6 18. Re1 Be4 19. Nf3 Rfe8 20. Be2 Nf7 21. Nd2 Bg6
22. Bf3 Nd6 23. Kh1 Ne4 {Game drawn by mutual agreement} 1/2-1/2

[Event "Team 45 45 League T53"]
[Site "Internet Chess Club"]
[Date "2012.06.18"]
[Round "5"]
[White "Warpdrive"]
[Black "rubo"]
[Result "1-0"]
[WhiteElo "1631"]
[BlackElo "1693"]
[Opening "Ruy Lopez: Marshall counter-attack"]
[ECO "C89"]
[Time "21:03:32"]
[TimeControl "2700+45"]

1. e4 e5 2. Nf3 Nc6 3. Bb5 a6 4. Ba4 Nf6 5. O-O Be7 6. Re1 b5 7. Bb3 O-O 8. c3
d5 9. d3 dxe4 10. dxe4 Qxd1 11. Bxd1 h6 12. h3 Be6 13. Bc2 Rad8 14. Be3 Bc4 15.
Nbd2 Bd3 16. Rac1 Bxc2 17. Rxc2 Rd3 18. Kf1 Rfd8 19. Ng1 g5 20. Ne2 Kg7 21. Ng3
Kg6 22. Nf5 Bf8 23. f3 Na5 24. Nb3 Nxb3 25. axb3 c5 26. Ke2 c4 27. bxc4 bxc4 28.
Rd2 Rxd2+ 29. Bxd2 Rb8 30. Bc1 Rd8 31. Rd1 Rxd1 32. Kxd1 Bc5 33. Be3 Nd7 34.
Bxc5 Nxc5 35. Ne3 Nd3 36. Nxc4 f6 37. Ke2 Nf4+ 38. Kf2 h5 39. b4 h4 40. Ne3 Kf7
41. Nd5 Ne6 42. c4 Nf4 43. Nxf4 gxf4 44. Ke2 Ke6 45. c5 Kd7 46. Kd3 Kc7 47. Kc3
Kb7 48. Kb3 Kc7 49. Ka4 Kc6 50. Ka5 Kb7 51. c6+ Kc7 52. Kxa6 Kxc6 53. b5+ Kc7
54. Ka7 Kc8 55. b6 {Black resigns} 1-0

[Event "Team 45 45 League T53"]
[Site "Internet Chess Club"]
[Date "2012.06.17"]
[Round "5"]
[White "Lee-D"]
[Black "AtomicDog"]
[Result "1-0"]
[WhiteElo "1408"]
[BlackElo "1386"]
[Opening "King's Indian: London system"]
[ECO "A45"]
[Time "10:05:24"]
[TimeControl "2700+45"]

1. d4 Nf6 2. Bf4 g6 3. Nf3 Bg7 4. e3 d6 5. c3 O-O 6. Bd3 c5 7. Nbd2 cxd4 8. cxd4
Nc6 9. a3 Be6 10. O-O Rc8 11. Rc1 Qb6 12. b4 a6 13. Nc4 Bxc4 14. Rxc4 Nh5 15.
Bg3 Nxg3 16. hxg3 Rc7 17. Qd2 e5 18. Rfc1 Rd8 19. d5 Rdc8 20. dxc6 Rxc6 21. Rxc6
Rxc6 22. Rxc6 Qxc6 23. e4 Qa4 24. Qc1 b5 25. Bc2 {Black resigns} 1-0